 Dungeon Crawl Stone Soup version 0.27.0-1-g7a089689b8 (webtiles) character file.

Game seed: 16639382180918492268

17281 robertstho the Thaumaturge (level 12, -3/85 HPs)
             Began as a Djinni Fire Elementalist on Aug 5, 2021.
             Was an Initiate of Gozag.
             Slain by a five-headed hydra (12 damage)
             ... on level 2 of the Lair of Beasts.
             The game lasted 00:27:24 (20444 turns).

robertstho the Thaumaturge (DjFE)                  Turns: 20444, Time: 00:27:25

Health: -3/85      AC:  8    Str: 13    XL:     12   Next: 80%
Gold:   1125       EV: 18    Int: 29    God:    Gozag SH:  0 Dex: 13

rFire    + + .     SeeInvis .   a - +6 Majin-Bo {vamp, MP+6 Int+6}
rCold    x . .     Faith    .   (shield currently unavailable)
rNeg     . . .     Spirit   .   B - +0 steam dragon scales
rPois    ∞         Reflect  .   G - +1 hat
rElec    .         Harm     .   k - +0 cloak
rCorr    .         Rampage  .   H - +0 pair of gloves
Will     +....                  (boots unavailable)
Stlth    ++........             I - amulet of the acrobat
HPRegen  0.24/turn              g - +4 ring of evasion
MPRegen  0.00/turn              o - +6 ring of strength

@: about to teleport, gold aura, flying
A: sickness immunity, fire resistance 2, cold vulnerability 1, float, innate
caster, hp casting, extra vitality 1
a: Renounce Religion, Potion Petition, Call Merchant, Bribe Branch


You were on level 2 of the Lair of Beasts.
You worshipped Gozag.
Gozag was most pleased with you.
You visited 3 branches of the dungeon, and saw 15 of its levels.

You collected 1705 gold pieces.
You spent 424 gold pieces at shops.
You paid 156 gold pieces to Gozag.

Inventory:

Hand Weapons
 a - the +6 Majin-Bo (weapon) {vamp, MP+6 Int+6}
   (You bought it in a shop on level 10 of the Dungeon)

   It occasionally heals its wielder for a portion of the damage dealt when they
   wound a living foe with it or with a spell.
   Its wielder's spells cost health as well as magical power.
   Int:       It affects your intelligence (+6).
   MP:        It affects your magic capacity (+6).
 b - a +2 dagger of holy wrath
 i - a +1 short sword of venom
 C - a +2 scimitar of flaming
Armour
 k - a +0 cloak (worn)
 B - +0 steam dragon scales (worn)
 G - a +1 hat (worn)
 H - a +0 pair of gloves (worn)
Jewellery
 g - a +4 ring of evasion (left hand)
 o - a +6 ring of strength (right hand)
 v - a ring of protection from fire
 z - a ring of ice
 I - an amulet of the acrobat (around neck)
Wands
 t - a wand of iceblast (36)
 A - a wand of charming (19)
 E - a wand of acid (13)
 F - a wand of digging (4)
Scrolls
 d - a scroll of summoning {unknown}
 h - 5 scrolls of blinking {unknown}
 j - 2 scrolls of vulnerability
 l - 5 scrolls of teleportation
 m - a scroll of enchant armour
 q - 3 scrolls of immolation
 r - 2 scrolls of enchant weapon
 u - 3 scrolls of magic mapping
 y - a scroll of holy word
 J - 2 scrolls of identify
 K - a scroll of acquirement {unknown}
Potions
 c - a potion of cancellation
 e - 2 potions of resistance
 f - 6 potions of curing
 n - a potion of magic {unknown}
 p - a potion of berserk rage {unknown}
 s - a potion of brilliance {unknown}
 w - a potion of lignification {unknown}
 x - 3 potions of ambrosia {unknown}
 D - 3 potions of mutation {unknown}


   Skills:
 * Level 7.0 Fighting
 + Level 2.3 Short Blades
 + Level 1.6 Staves
 + Level 5.1 Dodging
 + Level 4.1 Stealth
 * Level 13.3 Spellcasting
 + Level 0.1 Evocations


You had 8 spell levels left.
You knew the following spells:

 Your Spells              Type           Power      Damage    Failure   Level
a - Foxfire               Conj/Fire      100%       2x1d9     0%          1
b - Conjure Flame         Conj/Fire      77%        6-21      1%          3
c - Inner Flame           Hex/Fire       77%        N/A       1%          3
d - Sticky Flame          Conj/Fire      77%        2d9       1%          4
e - Fireball              Conj/Fire      38%        3d16      1%          5
f - Beastly Appendage     Tmut           100%       N/A       0%          1
g - Searing Ray           Conj           100%       3d7       0%          2
h - Tukima's Dance        Hex            77%        N/A       1%          3
i - Lesser Beckoning      Tloc           38%        N/A       1%          3
j - Hailstorm             Conj/Ice       77%        3d16      1%          4
Your spell library was empty.

Dungeon Overview and Level Annotations

Branches:
Dungeon (12/15)            Temple (1/1) D:4            Lair (2/6) D:9
  Swamp: Lair:2-4    Shoals: Lair:2-4     Snake: Lair:2-4    Spider: Lair:2-4
    Orc: D:9-12

Altars:
Ashenzari
Cheibriados
Dithmenos
Elyvilon
Fedhas
Gozag
Hepliaklqana
Kikubaaqudgha
Makhleb
Nemelex Xobeh
Okawaru
Qazlal
Ru
Sif Muna
Trog
Uskayaw
Vehumet
Wu Jian
Xom
Yredelemnul
Zin
The Shining One
Jiyva

Shops:
D:4 [[::   D:7 :   D:8 (**   D:10 *

Annotations:
D:10 2 transporters
D:12 2 transporters, shummie's ghost, journeyman GrNe


Innate Abilities, Weirdness & Mutations

You are immune to sickness and miasma.
You are immune to poison.
Your flesh is very heat resistant. (rF++)
You are vulnerable to cold. (rC-)
You float through the air rather than walking.
You learn spells naturally, not from books.
Your magical power is your life essence.
You have superior vitality. (+4 HP)


Message History

The komodo dragon is almost dead.
The komodo dragon is covered in liquid flames!
The komodo dragon burns!
You kill the komodo dragon!
The five-headed hydra is distracted by your dazzling golden aura.
Casting: Sticky Flame (safe; 1% risk of failure)
Confirm with . or Enter, or press ? or * to list all spells.
The fire begins to smoulder!
The five-headed hydra is no longer distracted by gold.
The fire ignites!
Casting: Conjure Flame (safe; 1% risk of failure)
Confirm with . or Enter, or press ? or * to list all spells.
Aiming: Fireball (mildly dangerous; 1% risk of failure)
Press: ? - help, Shift-Dir - straight line, f - five-headed hydra
Aim: a five-headed hydra The fireball explodes!
The fireball engulfs the five-headed hydra!!
You feel better.
The five-headed hydra is moderately wounded.
Casting: Fireball (mildly dangerous; 1% risk of failure)
Confirm with . or Enter, or press ? or * to list all spells.
Aiming: Fireball (mildly dangerous; 1% risk of failure)
Press: ? - help, Shift-Dir - straight line, f/p - five-headed hydra
Aim: a five-headed hydra (moderately wounded)
The fireball explodes!
The fireball engulfs the five-headed hydra!
The five-headed hydra is heavily wounded.
* * * LOW HITPOINT WARNING * * *
The five-headed hydra is engulfed in blazing flames.
Casting: Fireball (mildly dangerous; 1% risk of failure)
Confirm with . or Enter, or press ? or * to list all spells.
The fire begins to smoulder!
* * * LOW HITPOINT WARNING * * *
The five-headed hydra smothers the flame.
As you read the scroll of teleportation, it crumbles to dust.
You feel strangely unstable. The five-headed hydra bites you!
* * * LOW HITPOINT WARNING * * *
The five-headed hydra bites you!
You die...
Your body crumbles into a pile of gold.

###.###################
.......@D..§........[..
......###.##...$.......
##... ####........##.
#.. ##.....$..# #.
#........## #
##..(<....#
#...........
#............
...............


You could see a five-headed hydra.

Vanquished Creatures
  Gastronok (D:9)
  Erica (D:8)
  3 two-headed ogres
  A manticore (D:10)
  2 cyclopes (D:12)
  A black mamba (Lair:1)
  A gargoyle (D:11)
  4 cane toads (Lair:1)
  An unseen horror (D:11)
  A rime drake (Lair:1)
  3 komodo dragons
  Sigmund (D:6)
  2 wyverns
  A wraith (D:5)
  9 yaks
  2 steam dragons (D:7)
  An acid dragon (D:10)
  4 water moccasins
  4 black bears (Lair:1)
  Duvessa (D:4)
  A hornet zombie (D:8)
  2 sky beasts
  An ice beast (D:8)
  3 necrophages (D:8)
  3 orc warriors
  3 wolves (Lair:1)
  3 centaurs
  2 phantoms
  2 kobold brigands
  5 bullfrogs
  A scorpion (D:4)
  A wyvern zombie (D:8)
  Dowan (D:4)
  A wyvern skeleton (D:4)
  22 killer bees
  8 wights
  3 bullfrog zombies
  4 orc priests
  7 centaur zombies
  4 hounds
  2 jellies
  2 centaur skeletons
  2 gnoll shamans
  A human zombie (D:8)
  An iguana (D:7)
  A scorpion zombie (D:5)
  8 orc wizards
  A killer bee zombie (D:5)
  A hound zombie (D:5)
  2 mummies (D:8)
  15 gnolls
  A howler monkey skeleton (D:4)
  2 howler monkey zombies
  11 adders
  3 ufetubi
  3 dart slugs
  24 orcs
  8 endoplasms
  6 giant cockroaches
  11 goblins
  10 hobgoblins
  3 quokkas
  9 ball pythons
  7 bats
  4 frilled lizards
  17 kobolds
  10 rats
286 creatures vanquished.

Vanquished Creatures (collateral kills)
  A foxfire (D:7)
1 creature vanquished.

Vanquished Creatures (others)
  906 foxfires
  13 fungi
  15 plants
934 creatures vanquished.

Grand Total: 1221 creatures vanquished

Notes
Turn   | Place    | Note
-------+----------+-------------------------------------------
     0 | D:1      | robertstho the Djinni Fire Elementalist began the quest for
                  | the Orb.
     0 | D:1      | Reached XP level 1. HP: 15/15 MP: 0/0
   202 | D:1      | Reached XP level 2. HP: 12/22 MP: 0/0
   702 | D:1      | Found a faded altar of an unknown god.
   816 | D:1      | Reached skill level 3 in Spellcasting
   900 | D:1      | Reached XP level 3. HP: 25/26 MP: 0/0
   900 | D:1      | Learned a level 1 spell: Beastly Appendage
  1634 | D:1      | Reached skill level 1 in Fighting
  2095 | D:2      | Reached XP level 4. HP: 28/32 MP: 0/0
  3168 | D:3      | Reached XP level 5. HP: 33/37 MP: 0/0
  3168 | D:3      | Learned a level 2 spell: Searing Ray
  3358 | D:3      | Reached skill level 4 in Spellcasting
  4611 | D:2      | Reached XP level 6. HP: 39/42 MP: 0/0
  4912 | D:4      | Found Fagotoic's Book Shop.
  4917 | D:4      | Found Tuigas's Armour Shop.
  4960 | D:4      | Reached skill level 5 in Spellcasting
  5077 | D:4      | Noticed an orc warrior
  5546 | D:4      | Killed an orc warrior
  5547 | D:4      | Reached XP level 7. HP: 17/48 MP: 0/0
  5547 | D:4      | Learned a level 3 spell: Tukima's Dance
  5985 | D:4      | Found Idaimnitt's Antique Armour Emporium.
  6009 | D:4      | Found a sparkling altar of Nemelex Xobeh.
  6089 | D:4      | Found a staircase to the Ecumenical Temple.
  6164 | D:4      | Noticed Duvessa
  6171 | D:4      | Killed Duvessa
  6172 | D:4      | Reached skill level 6 in Spellcasting
  6303 | D:4      | Noticed Dowan
  6310 | D:4      | Killed Dowan
  6311 | D:4      | Reached XP level 8. HP: 33/54 MP: 0/0
  6444 | D:4      | Found Ytairem's Book Emporium.
  6754 | D:5      | Entered Level 5 of the Dungeon
  7571 | D:5      | Noticed a wraith
  8145 | D:5      | Killed a wraith
  8146 | D:5      | Reached skill level 1 in Short Blades
  8146 | D:5      | Reached skill level 7 in Spellcasting
  8758 | D:6      | Reached XP level 9. HP: 50/60 MP: 0/0
  8758 | D:6      | Learned a level 3 spell: Lesser Beckoning
  9085 | D:6      | Noticed Sigmund
  9097 | D:6      | Killed Sigmund
  9099 | D:6      | Reached skill level 8 in Spellcasting
  9529 | D:6      | Found a glowing golden altar of the Shining One.
 10922 | D:7      | Found Harhunen's Book Shoppe.
 11158 | D:7      | Reached skill level 9 in Spellcasting
 11687 | D:7      | Reached XP level 10. HP: 60/67 MP: 0/0
 11941 | D:8      | Noticed Erica
 11951 | D:8      | Killed Erica
 12477 | D:8      | Reached skill level 10 in Spellcasting
 12579 | D:8      | Found a basalt altar of Yredelemnul.
 13062 | D:8      | Found Neihuy's Weapon Boutique.
 13087 | D:8      | Reached skill level 5 in Fighting
 13412 | D:8      | Found a broken altar of Ashenzari.
 13463 | D:8      | Found Riobbar's Specific Store.
 13467 | D:8      | Found Laasibu Pimi's General Store.
 13471 | D:8      | Bought a scroll of identify for 26 gold pieces
 13589 | Temple   | Entered the Ecumenical Temple
 13730 | Temple   | Became a worshipper of Gozag Ym Sagoz the Greedy
 14084 | D:9      | Noticed Gastronok
 15073 | D:9      | Killed Gastronok
 15074 | D:9      | Reached skill level 11 in Spellcasting
 15074 | D:9      | Reached XP level 11. HP: 3/76 MP: 0/0
 15074 | D:9      | Learned a level 4 spell: Hailstorm
 15387 | D:9      | Found a staircase to the Lair.
 15940 | D:4      | Bought a glowing hat for 196 gold pieces
 15945 | D:4      | Bought a pair of gloves for 126 gold pieces
 16066 | D:10     | Entered Level 10 of the Dungeon
 16066 | D:10     | Noticed a manticore
 16070 | D:10     | Killed a manticore
 16798 | D:10     | Found a transporter.
 16799 | D:10     | Found a transporter.
 16809 | D:10     | Found a viscous altar of Jiyva.
 16814 | D:10     | Found Apnicain's CLEARANCE SALE! EVERYTHING MUST GO!.
 16821 | D:10     | Bought the +6 Majin-Bo {vamp, MP+6 Int+6} for 74 gold
                  | pieces
 16821 | D:10     | Found the +6 Majin-Bo {vamp, MP+6 Int+6}
 16821 | D:10     | Bought a scroll of identify for 2 gold pieces
 17035 | D:10     | Found a hide-covered altar of Uskayaw.
 17164 | D:10     | Identified the +1 leather armour of the Unseen Realm {rN+}
 17409 | D:11     | Reached skill level 12 in Spellcasting
 17671 | D:11     | Noticed a two-headed ogre
 17676 | D:11     | Killed a two-headed ogre
 18000 | D:11     | Reached XP level 12. HP: 73/83 MP: 0/0
 18094 | D:11     | Noticed a two-headed ogre
 18098 | D:11     | Killed a two-headed ogre
 18208 | D:11     | Identified the +5 chain mail "Xolluf" {rF++ Will+}
 18461 | D:12     | Found a transporter.
 18464 | D:12     | Noticed a tengu warrior
 18465 | D:12     | Noticed shummie's ghost (journeyman GrNe)
 18465 | D:12     | Noticed an ettin
 18466 | D:12     | Found a bloodstained altar of Trog.
 18467 | D:12     | Noticed a two-headed ogre
 18476 | D:12     | Noticed a tengu warrior
 18482 | D:12     | Found a transporter.
 18580 | D:12     | Noticed a skeletal warrior
 18581 | D:12     | Noticed a skeletal warrior
 18584 | D:12     | Noticed a two-headed ogre
 18608 | D:12     | Killed a two-headed ogre
 18609 | D:12     | Reached skill level 1 in Staves
 18715 | Lair:1   | Entered Level 1 of the Lair of Beasts
 18782 | Lair:1   | Reached skill level 5 in Dodging
 18782 | Lair:1   | Reached skill level 13 in Spellcasting
 19257 | Lair:1   | Found a white marble altar of Elyvilon.
 20427 | Lair:2   | Noticed a five-headed hydra
 20444 | Lair:2   | Slain by a five-headed hydra

Illustrated notes

Levels and vault maps discovered:
D:1:      ncdulo_wetmaze, layout_basic, dreamdust_ecumenical_altar_statues
D:2:      layout_rooms
D:3:      layout_basic, minmay_cut_off
D:4:      layout_rooms, mainiacjoe_overflow_catwalk,
          minmay_temple_entry_poolview, serial_shops, shop,
          nicolae_shop_crystal, kennysheep_little_box, shop,
          minmay_diced_spiral, uniq_duvessa
D:5:      layout_cave_pods, amcnicky_altar_gilded, minmay_misc_feat_more_columns
D:6:      layout_loops_cross, nicolae_tso_swordbearing_angel, st_stairs_7,
          uniq_sigmund
D:7:      layout_loops_ring, serial_shops, shop
D:8:      layout_basic, lemuel_mausoleum_altar_yredelemnul,
          cheibrodos_ashenzari_chains, serial_shops, nicolae_shop_statue_plus,
          nicolae_specific_store, uniq_erica
D:9:      layout_irregular_city, grunt_lair_entry_orc_guard_hut, minivault_22,
          uniq_gastronok
D:10:     gammafunk_jiyva_shrine, layout_loops_ring,
          mainiacjoe_overflow_six_doors_small, chequers_serial_rivers_micro_e,
          nicolae_shop_clearance
D:11:     layout_rooms
D:12:     layout_roguey, minmay_orc_entry_guard_dogs,
          gammafunk_ghost_wrathful_warriors, kennysheep_nub,
          hellmonk_guarded_unrand_frostbite
Temple:   nicolae_temple_elliptical
Lair:1:   layout_layer_cave, basic_altar, serial_bayou_pond_e,
          beast_lair_carwin_10, infiniplex_staircase_pool_2
Lair:2:   kb_forest_paths, layout_chaotic_city, bobbens_dragon_lair_wall,
          infiniplex_staircase_pool

Skill      XL: |  1  2  3  4  5  6  7  8  9 10 11 12 |
---------------+-------------------------------------+-----
Spellcasting   | 3 4 5 6 7 9 11 12 13 | 13.3
Fighting       | 1 2 3 4 5 6 7 |  7.0
Stealth        | 2 3 4 |  4.1
Short Blades   | 1 2 |  2.3
Dodging        | 3 4 5 |  5.1
Staves         | 1 |  1.6
Evocations     | |  0.1

Action                   |  1- 3 |  4- 6 |  7- 9 | 10-12 || total
-------------------------+-------+-------+-------+-------++-------
Melee: Short sword       |       |     2 |    21 |    12 ||    35
       Quarterstaff      |       |       |       |     6 ||     6
 Cast: Foxfire           |    93 |   181 |   298 |       ||   572
       Sticky Flame      |       |       |    10 |    42 ||    52
       Fireball          |       |       |     9 |   145 ||   154
       Conjure Flame     |       |       |       |     2 ||     2
Evoke: Wand              |       |       |       |     1 ||     1
  Use: Scroll            |       |     6 |     5 |     6 ||    17
       Potion            |       |     2 |       |     2 ||     4
Armor: Robe              |     2 |     3 |    11 |       ||    16
       Steam dragon scal |       |       |       |    27 ||    27
Dodge: Dodged            |     4 |    39 |    69 |    70 ||   182
